 Dungeon Crawl Stone Soup version 0.28-b1-25-g9875b3fc8c (webtiles) character file.

Game seed: 4879284007799918832

3 mopl the Sneak (level 1, 0/16 HPs)
             Began as an Octopode Delver on Feb 7, 2022.
             Slain by a scorpion (4 damage)
             ... on level 4 of the Dungeon.
             The game lasted 00:00:29 (214 turns).

mopl the Sneak (Octopode Delver)                     Turns: 214, Time: 00:00:30

Health: 0/16       AC:  1    Str: 11    XL:     1   Next: 50%
Magic:  1/1        EV: 13    Int: 12    God:
Gold:   11         SH:  0    Dex: 13    Spells: 0/0 levels left

rFire   . . .      SeeInvis .   a - +0 falchion
rCold   . . .      Faith    .   (no shield)
rNeg    . . .      Spirit   .   (helmet restricted)
rPois   .          Reflect  .   (no amulet)
rElec   .          Harm     .   (no ring)
rCorr   .          Rampage  .   (no ring)
Will    .....                   (no ring)
Stlth   ++++......              (no ring)
HPRegen 0.05/turn               (no ring)
MPRegen 0.07/turn               (no ring)
                                (no ring)
                                (no ring)

@: no status effects
A: almost no armour, amphibious, 8 rings, camouflage 1, gelatinous body 1,
(nimble swimmer 1), tentacles
a: no special abilities


You were on level 4 of the Dungeon.
You visited 1 branch of the dungeon, and saw 2 of its levels.

You collected 11 gold pieces.

Inventory:

Hand Weapons
 a - a +0 falchion (weapon)
Wands
 f - a wand of digging (3)
Scrolls
 b - a scroll of fog
 c - a scroll of magic mapping
 d - a scroll of fear
Potions
 e - a potion of haste


   Skills:
 + Level 3.0 Fighting
 * Level 2.1 Long Blades
 + Level 2.0 Dodging
 - Level 6.6 Stealth
 + Level 0.2 Evocations


You couldn't memorise any spells.
You didn't know any spells.
Your spell library was empty.

Dungeon Overview and Level Annotations

Branches:
Dungeon (5/15)
 Temple: D:4-7

Altars:


Innate Abilities, Weirdness & Mutations

You cannot wear most types of armour.
You are amphibious.
You can wear up to eight rings at the same time.
Your skin changes colour to match your surroundings (Stealth+).
Your rubbery body absorbs attacks. (AC +1, EV +1)
((You are camouflaged when in or above water. (Stealth+)))
You have tentacles for arms and can constrict up to eight enemies at once.


Message History

You are too injured to fight recklessly!
You are too injured to fight recklessly!
You hit the orc but do no damage.
The orc is severely wounded.
You constrict the orc.
You kill the orc!
You start resting.
HP restored.
Things that are here:
a +0 club; a +0 leather armour; an orc corpse You now have 11 gold pieces.
There is a stone staircase leading down here.
A bat comes into view.
There is a stone staircase leading up here.
A scorpion comes into view.
There is a stone staircase leading up here.
You climb upwards.
Found a scroll labelled YNGOAB YBUB and a murky sapphire potion.
There is a stone staircase leading down here.
The quokka barely misses you. The quokka bites you.
You barely miss the quokka. You grab the quokka. You squeeze the quokka.
You kill the quokka!
The scorpion closely misses you.
The scorpion stings you but does no damage.
The scorpion stings you. The scorpion barely misses you.
An adder comes into view.
The scorpion barely misses you. The scorpion closely misses you.
The scorpion stings you!
Ouch! That really hurt!
* * * LOW HITPOINT WARNING * * *
Found 7 gold pieces and a sedimented orange potion.
The scorpion completely misses you.
You see here a sedimented orange potion.
A ball python and an ogre come into view.
Found 5 gold pieces.
The scorpion stings you.
You die...

#.....#### #Y#
#!..... #.# S. #.#
##...########.#
..........$...####.
..........!.........
......###.#######.##
......###.##
.......@s..#
..........$#
#####......#
#......# #......#
#.....O# #......#
#......+


You could see an ogre (asleep) and a scorpion.

Vanquished Creatures
  An orc (D:5)
  A quokka (D:4)
2 creatures vanquished.

Notes
Turn   | Place    | Note
-------+----------+-------------------------------------------
     0 | D:5      | mopl the Octopode Delver began the quest for the Orb.
     0 | D:5      | Reached XP level 1. HP: 16/16 MP: 1/1
   173 | D:5      | Noticed a scorpion
   182 | D:4      | Noticed a scorpion
   182 | D:4      | Noticed an ice beast
   211 | D:4      | Noticed an ogre
   214 | D:4      | Slain by a scorpion

Illustrated notes

Levels and vault maps discovered:
D:4:      layout_basic, worldfamousw_hep_ancestral_shrine
D:5:      old_forge, layout_loops_ring, mainiacjoe_overflow_cross_hatched

Action                   || total
-------------------------++-------
Melee: Falchion          ||     4
       Constrict         ||     2
       Tentacles         ||     2
Armor: Skin              ||     1
Dodge: Dodged            ||     6
